 Dungeon Crawl Stone Soup version 0.26-a0-639-g72c4674329 (webtiles) character file.

Game seed: 2152275565651414740

177 DogServant the Skirmisher (level 5, 0/44 HPs)
             Began as a Formicid Fighter on Sept 15, 2020.
             Was an Initiate of Okawaru.
             Slain by Grinder (5 damage)
             ... on level 3 of the Dungeon.
             The game lasted 00:04:02 (2379 turns).

DogServant the Skirmisher (Formicid Fighter)        Turns: 2379, Time: 00:04:03

Health: 0/44       AC:  8    Str: 21    XL:     5   Next: 88%
Magic:  0/5        EV:  8    Int:  8    God:    Okawaru [......]
Gold:   119        SH:  9    Dex: 10    Spells: 4/4 levels left

rFire    . . .     SeeInvis +   a - +0 war axe
rCold    . . .     Faith    .   c - +0 kite shield
rNeg     . . .     Spirit   +   b - +0 scale mail
rPois    .         Reflect  .   (helmet unavailable)
rElec    .         Harm     .   (no cloak)
rCorr    .         Rampage  .   m - +0 pair of gloves (curse)
MR       .....                  (no boots)
Stlth    ..........             h - amulet of guardian spirit
HPRegen  0.14/turn              (no ring)
MPRegen  0.09/turn              (no ring)

@: mighty
A: permanent stasis, dig shafts and tunnels, four strong arms, antennae 3
a: Dig, Shaft Self, Renounce Religion


You were on level 3 of the Dungeon.
You worshipped Okawaru.
Okawaru was noncommittal.
You visited 1 branch of the dungeon, and saw 3 of its levels.

You collected 119 gold pieces.

Inventory:

Hand Weapons
 a - a +0 war axe (weapon)
Armour
 b - a +0 scale mail (worn)
 c - a +0 kite shield (worn)
 m - a cursed +0 pair of gloves (worn)
Jewellery
 h - an amulet of guardian spirit (around neck)
Scrolls
 f - 2 scrolls of teleportation
 g - a scroll of fear
 l - a scroll of immolation {unknown}
 o - a scroll of enchant weapon {unknown}
 p - a scroll of magic mapping {unknown}
Potions
 e - a potion of invisibility
 i - 2 potions of curing
 k - a potion of lignification
 n - a potion of cancellation {unknown}
 q - a potion of heal wounds {unknown}
 r - a potion of degeneration {unknown}


   Skills:
 + Level 5.0 Fighting
 + Level 3.9 Axes
 + Level 3.6 Armour
 + Level 4.1 Shields


You had 4 spell levels left.
You didn't know any spells.
Your spell library was empty.

Dungeon Overview and Level Annotations

Branches:
Dungeon (3/15)

Altars:
Makhleb
Okawaru

Annotations:
D:3 Grinder


Innate Abilities, Weirdness & Mutations

You cannot be hasted, slowed, berserked, paralysed or teleported.
You can dig through walls and to a lower floor.
Your four strong arms can wield two-handed weapons with a shield.
You have a pair of large antennae on your head. (SInv)


Message History

Grinder closely misses you.
You completely miss Grinder.
Grinder is heavily wounded.
Grinder hits you.
* * * LOW HITPOINT WARNING * * *
You writhe in agony.
* * * LOW HITPOINT WARNING * * *
You closely miss Grinder.
Grinder is heavily wounded.
Grinder hits you.
* * * LOW HITPOINT WARNING * * *
You writhe in agony.
* * * LOW HITPOINT WARNING * * *
Grinder barely misses you.
Okay, then.
Okay, then.
You feel better. Grinder hits you!
* * * LOW HITPOINT WARNING * * *
You writhe in agony.
You die...

##...†..... #..>.....#
#.....)..# ####
#..(.....# ## ..#
###......# .. ##+#.#
#......#
#.#....########......#
#.'.....†.....#.######
###..@5#.####.......#
###....# #.......#
#..### #.......# #.##
#.[.....# #####
♣♣##..# #.......#
#)))#♣♣ ♣♣.....#
#.......#
#.))))♣♣♣♣......#
#########
#).)#♣))♣).....##
#####♣♣♣)♣)...##


You could see Grinder.

Vanquished Creatures
  Crazy Yiuf (D:3)
  Terence (D:2)
  Robin (D:2)
  4 adders
  2 oozes (D:2)
  A worm (D:3)
  2 dart slugs
  A leopard gecko (D:2)
  6 bats
  A giant cockroach (D:2)
  7 hobgoblins
  4 jackals (D:3)
  A ball python (D:3)
  2 frilled lizards
  13 goblins
  7 kobolds
  8 rats
62 creatures vanquished.

Notes
Turn   | Place    | Note
-------+----------+-------------------------------------------
     0 | D:1      | DogServant the Formicid Fighter began the quest for the
                  | Orb.
     0 | D:1      | Reached XP level 1. HP: 18/18 MP: 1/1
   282 | D:1      | Reached XP level 2. HP: 13/24 MP: 2/2
   756 | D:1      | Reached XP level 3. HP: 29/30 MP: 3/3
   965 | D:2      | Reached skill level 4 in Fighting
  1002 | D:2      | Noticed Terence
  1011 | D:2      | Killed Terence
  1011 | D:2      | Reached XP level 4. HP: 28/38 MP: 2/4
  1110 | D:2      | Found an iron altar of Okawaru.
  1172 | D:2      | Became a worshipper of Warmaster Okawaru
  1408 | D:2      | Reached XP level 5. HP: 32/43 MP: 3/5
  1760 | D:2      | Noticed Robin
  1772 | D:2      | Killed Robin
  2168 | D:3      | Found a burning altar of Makhleb.
  2258 | D:3      | Found a runed translucent door.
  2259 | D:3      | Noticed Crazy Yiuf
  2268 | D:3      | Killed Crazy Yiuf
  2268 | D:3      | Reached skill level 5 in Fighting
  2357 | D:3      | Noticed Grinder
  2378 | D:3      | HP: 2/44 [Grinder (3)]
  2379 | D:3      | Slain by Grinder

Illustrated notes

Levels and vault maps discovered:
D:1:      minmay_arrival_radiant_lines, layout_loops_ring, supply_closet_lemuel
D:2:      layout_basic, okawaru_gym_becter, uniq_terence, uniq_robin
D:3:      layout_basic, lemuel_crystal_altar,
          chequers_temple_overflow_minitemple, uniq_crazy_yiuf_cottage,
          uniq_grinder, uniq_natasha

Skill      XL: |  1  2  3  4  5 |
---------------+----------------+-----
Fighting       | 4 5 |  5.0
Axes           | 3 |  3.9
Shields        | 4 |  4.1
Armour         | |  3.6

Action                   |  1- 3 |  4- 6 || total
-------------------------+-------+-------++-------
Melee: War axe           |    80 |   125 ||   205
  Use: Scroll            |       |     5 ||     5
       Potion            |       |     2 ||     2
Armor: Scale mail        |    32 |    47 ||    79
Dodge: Dodged            |    17 |    30 ||    47
Block: Kite shield       |    42 |    81 ||   123

Table legend: (Time is in decaauts)
 A = Elapsed time spent in this place.
 B = Non-inter-level travel time spent in this place.
 C = Inter-level travel time spent in this place.
 D = Time resting spent in this place.
 E = Time spent auto-exploring this place.
 F = Levels seen in this place.
 G = Mean time per level.
                   A        B        C        D        E       F      G
               +--------+--------+--------+--------+--------+-----+--------+
         Total |   2461 |   2397 |     64 |      0 |   1855 |   3 |  820.3 |
       Dungeon |   2461 |   2397 |     64 |      0 |   1855 |   3 |  820.3 |
               +--------+--------+--------+--------+--------+-----+--------+

Top non-repeatable levels by time:
     D:2: 1115 daAuts
     D:1: 986 daAuts
     D:3: 359 daAuts
